 Dungeon Crawl Stone Soup version 0.31.0-12-g77e489cdc1 (webtiles) character file.

Game seed: 11532247757826461456

2226 octoduck the Basher (level 9, -1/94 HPs)
             Began as an Oni Warper on Feb 17, 2024.
             Slain by an orc warrior
             ... wielding a +0 war axe
              (15 damage)
             ... in a bailey.
             The game lasted 00:25:12 (8542 turns).

octoduck the Basher (Oni Warper)                    Turns: 8542, Time: 00:25:14

Health: -1/94      AC:  4    Str: 21    XL:     9   Next: 36%
Magic:  1/14       EV: 10    Int: 14    God:
Gold:   140        SH:  0    Dex:  8    Spells: 4/15 levels left

rFire   . . .        j - +3 whip (elec)
rCold   . . .        (no shield)
rNeg    . . .        b - +1 robe
rPois   +            (helmet restricted)
rElec   .            (no cloak)
rCorr   +            (gloves unavailable)
SInv    .            (boots unavailable)
Will    .....        (no amulet)
Stlth   +            o - ring of poison resistance
HPRegen 0.35/turn    i - ring of resist corrosion
MPRegen 0.14/turn

%: no passive effects
@: about to teleport
A: large, unfitting armour, horns 1, tough skin 1, double potion healing,
drunken brawling
a: no special abilities


You were in a bailey.
You visited 1 branch of the dungeon, and saw 7 of its levels.
You also visited: Bailey.

You collected 292 gold pieces.
You spent 152 gold pieces at shops.

Inventory:

Hand Weapons
 a - a +0 mace
 j - a +3 whip of electrocution (weapon)
Missiles
 d - 7 darts of dispersal (quivered)
 k - 6 poisoned darts
 m - 4 atropa-tipped darts
 v - a curare-tipped dart
Armour
 b - a +1 robe (worn)
Jewellery
 f - a ring of positive energy
 i - a ring of resist corrosion (right hand)
 n - an amulet of guardian spirit
 o - a ring of poison resistance (left hand)
Scrolls
 c - 2 scrolls of blinking
 e - a scroll of fear {unknown}
 q - a scroll of enchant weapon
 r - a scroll of immolation {unknown}
 t - a scroll of teleportation
 w - 2 scrolls of fog
Potions
 g - a potion of mutation
 h - a potion of cancellation
 l - 2 potions of haste
 u - a potion of degeneration {unknown}
 x - a potion of brilliance {unknown}


   Skills:
 + Level 7.6 Fighting
 * Level 8.4 Maces & Flails
 - Level 1.0 Throwing
 - Level 4.9 Dodging
 - Level 3.5 Spellcasting
 - Level 4.9 Translocations


You had 4 spell levels left.
You knew the following spells:

 Your Spells              Type           Power      Damage    Failure   Level
a - Blink                 Tloc           32%        N/A       4%          2
b - Lesser Beckoning      Tloc           32%        N/A       4%          2
c - Teleport Other        Tloc           16%        N/A       8%          3
d - Manifold Assault      Tloc           16%        N/A       26%         4

Your spell library contained the following spells:

 Spells                   Type           Power      Damage    Failure   Level
 Slow                     Hex            8%         N/A       21%         1
 Confusing Touch          Hex            2%         N/A       52%         3
 Dazzling Flash           Conj/Hex       4%         N/A       52%         3
 Mephitic Cloud           Conj/Alch/Air  2%         N/A       52%         3
 Sigil of Binding         Hex            2%         N/A       52%         3
 Vampiric Draining        Necr           2%         2d6       52%         3
 Vhi's Electric Charge    Tloc/Air       18%        N/A       58%         4
 Curse of Agony           Necr           2%         N/A       99%         5
 Silence                  Hex/Air        1%         N/A       99%         5


Dungeon Overview and Level Annotations

Branches:
Dungeon (7/15)             Bailey (1/1)
 Temple: D:4-7

Altars:

Shops:
D:5 =(*!=:

Annotations:
D:4 grinder, sky beast, Grinder


Innate Abilities, Weirdness & Mutations

You are too large for most types of armour.
You have a pair of small horns on your head.
You have tough skin. (AC +1)
You gain doubled healing and magic from potions.
Whenever you drink a healing potion, you attack all around you.


Message History

Confirm with . or Enter, or press ? or * to list all spells.
Aiming: Teleport Other (dangerous; 8% risk of failure)
Press: ? - help, Shift-Dir - straight line, f/p - orc warrior
Aim: an orc warrior, wielding a +0 war axe and wearing a +0 ring mail (chance to affect: 55%)
The orc warrior resists with significant effort.
The orc warrior hits you with a +0 war axe.
The hobgoblin hits you with a +0 war axe.
Casting: Teleport Other (dangerous; 8% risk of failure)
Confirm with . or Enter, or press ? or * to list all spells.
Aiming: Teleport Other (dangerous; 8% risk of failure)
Press: ? - help, Shift-Dir - straight line, f/p - orc warrior
Aim: an orc warrior, wielding a +0 war axe and wearing a +0 ring mail (chance to affect: 55%)
The orc warrior resists with significant effort.
The hobgoblin barely misses you. The gnoll hits you but does no damage.
The orc warrior hits you with a +0 war axe!
The hobgoblin closely misses you.
Casting: Teleport Other (dangerous; 8% risk of failure)
Confirm with . or Enter, or press ? or * to list all spells.
Aiming: Teleport Other (dangerous; 8% risk of failure)
Press: ? - help, Shift-Dir - straight line, f/p - orc warrior
Aim: an orc warrior, wielding a +0 war axe and wearing a +0 ring mail (chance to affect: 55%)
The orc warrior resists with significant effort.
The hobgoblin closely misses you. The gnoll barely misses you.
The orc warrior hits you with a +0 war axe.
The hobgoblin hits you with a +0 war axe!
As you read the scroll of teleportation, it crumbles to dust.
You feel strangely unstable. The hobgoblin barely misses you.
The gnoll closely misses you.
The orc warrior hits you with a +0 war axe!
The hobgoblin hits you with a +0 war axe!
* * * LOW HITPOINT WARNING * * *
Okay, then.
You hit the hobgoblin.
You kill the hobgoblin!
The hobgoblin hits you with a +0 hand axe.
* * * LOW HITPOINT WARNING * * *
The gnoll hits you with a +0 hand axe!
* * * LOW HITPOINT WARNING * * *
The orc warrior hits you with a +0 war axe!
You die...

.....### ###.....###
.......###.........##
........#...........#
........'...........#
..⌠.g...#.....⌠.....#
..o.....#...........#
...g....#...........#
.......###....gg)o.###
♣ .....###
###..og@#'#.###
♣♣♣♣♣♣. ##.###
###.###)))).###♣.♣....
###
###.).......##...... .
#...........#)..... .8
#...........').....
..g
#.....⌠.....').∩.∩.
.8#.
#..........)'......
.8##g
#...........#......
###.........##......


You could see 2 orc warriors, a gnoll, a hobgoblin and a goblin.

Vanquished Creatures
  2 black bears
  5 orc warriors (Bailey)
  2 phantoms (D:5)
  A kobold brigand (D:6)
  3 bullfrogs
  2 gnoll sergeants (D:7)
  A scorpion (D:6)
  4 killer bees (D:7)
  A bombardier beetle (D:6)
  2 hounds
  3 jellies
  2 orc priests (D:5)
  4 sleepcaps
  3 orc wizards
  4 iguanas
  12 gnolls
  6 adders
  A shadow imp (D:6)
  A white imp (D:7)
  2 ufetubi (D:5)
  2 dart slugs
  A ribbon worm (D:2)
  17 orcs
  A bat (D:2)
  2 endoplasms
  2 giant cockroaches
  12 goblins
  11 hobgoblins
  18 jackals
  3 quokkas
  3 ball pythons
  2 frilled lizards
  10 kobolds
  4 rats
149 creatures vanquished.

Notes
Turn   | Place    | Note
-------+----------+-------------------------------------------
     0 | D:1      | octoduck the Oni Warper began the quest for the Orb.
     0 | D:1      | Reached XP level 1. HP: 22/22 MP: 3/3
   163 | D:1      | Reached XP level 2. HP: 28/29 MP: 5/5
   674 | D:1      | Reached XP level 3. HP: 36/36 MP: 6/6
   811 | D:1      | Learned a level 2 spell: Blink
   814 | D:1      | Learned a level 2 spell: Lesser Beckoning
  1212 | D:2      | Reached skill level 3 in Maces & Flails
  1415 | D:2      | Reached XP level 4. HP: 30/44 MP: 7/7
  1469 | D:2      | Learned a level 3 spell: Teleport Other
  1944 | D:3      | Identified the +0 ring mail of the Sacrificial Victim
                  | {Rampage Dex+3}
  2742 | D:3      | Reached XP level 5. HP: 31/50 MP: 8/8
  2755 | D:3      | Reached skill level 4 in Maces & Flails
  3224 | D:4      | Noticed a sky beast
  3300 | D:4      | Noticed Grinder
  3451 | D:5      | Entered Level 5 of the Dungeon
  3492 | D:5      | Found Ygamnit's Book Shoppe.
  3609 | D:5      | Noticed a phantom
  3630 | D:5      | Killed a phantom
  3631 | D:5      | Reached XP level 6. HP: 57/59 MP: 9/9
  3923 | D:5      | Reached skill level 5 in Maces & Flails
  3971 | D:5      | Reached XP level 7. HP: 67/67 MP: 11/11
  4638 | D:5      | Found Ificoqum's Jewellery Emporium.
  4731 | D:5      | Found Vamaren's General Store.
  4732 | D:5      | Found Lugoruah's Distillery.
  4733 | D:5      | Found Feclauc's Jewellery Boutique.
  4733 | D:5      | Found Bikh's Antique Weapon Emporium.
  4750 | D:5      | Bought a scroll of identify for 20 gold pieces
  4750 | D:5      | Bought a scroll of identify for 20 gold pieces
  4750 | D:5      | Bought a potion of might for 40 gold pieces
  4766 | D:5      | Bought a potion of curing for 36 gold pieces
  4766 | D:5      | Bought a potion of curing for 36 gold pieces
  4775 | D:5      | Learned a level 4 spell: Manifold Assault
  5710 | D:5      | Reached skill level 5 in Fighting
  6027 | D:5      | Reached skill level 6 in Maces & Flails
  6027 | D:5      | Reached XP level 8. HP: 45/80 MP: 1/13
  6960 | D:7      | Found a flagged portal.
  7009 | D:7      | Reached skill level 7 in Maces & Flails
  7422 | D:7      | Reached XP level 9. HP: 42/92 MP: 5/14
  7559 | Bailey   | Entered a bailey
  7693 | Bailey   | Reached skill level 8 in Maces & Flails
  8542 | Bailey   | Slain by an orc warrior

Illustrated notes

Levels and vault maps discovered:
D:1:      dpeg_arrival_arbitrary_a, layout_basic
D:2:      layout_basic
D:3:      layout_basic, hellmonk_no_cap
D:4:      layout_loops_corners, uniq_duvessa, uniq_grinder
D:5:      layout_basic, serial_shops, shop, nicolae_wooded_promenade
D:6:      layout_rooms
D:7:      nzn_winding_woodlands_medium [nzn_winding_woodlands_5x5_perimeter,
          nzn_winding_woodlands_5x15_twine,
          nzn_winding_woodlands_5x5_checkerboard,
          nzn_winding_woodlands_5x5_open_star,
          nzn_winding_woodlands_center_garden,
          nzn_winding_woodlands_5x5_closed_star,
          nzn_winding_woodlands_5x5_default,
          nzn_winding_woodlands_5x15_lazy_stream,
          nzn_winding_woodlands_5x5_default], layout_basic,
          minmay_temple_entry_poolview, enter_bailey_5,
          kennysheep_generic_room_3
Bailey:   bailey_axe_minmay_hex_keep, bailey

Skill      XL: |  1  2  3  4  5  6  7  8  9 |
---------------+----------------------------+-----
Translocations | 3 4 |  4.9
Maces & Flails | 3 4 5 6 7 8 |  8.4
Fighting       | 3 5 6 7 |  7.6
Spellcasting   | 3 |  3.5
Dodging        | 4 |  4.9
Throwing       | |  1.0

Action                     |  1- 3 |  4- 6 |  7- 9 || total
---------------------------+-------+-------+-------++-------
  Melee: Mace              |   132 |    21 |    13 ||   166
         Headbutt          |    14 |    13 |    47 ||    74
         Whip              |       |    68 |   325 ||   393
         Punch             |       |     1 |     5 ||     6
  Throw: Dart              |       |       |     2 ||     2
   Cast: Teleport Other    |       |       |    18 ||    18
         Manifold Assault  |       |       |    16 ||    16
         Blink             |       |       |     1 ||     1
         Lesser Beckoning  |       |       |     2 ||     2
    Use: Scroll            |     1 |     4 |     5 ||    10
         Potion            |       |       |     6 ||     6
   Stab: Sleeping          |     1 |       |       ||     1
 Armour: Robe              |   108 |    53 |   257 ||   418
         Skin              |       |       |    10 ||    10
  Dodge: Dodged            |   102 |    43 |   181 ||   326
